 Dungeon Crawl Stone Soup version 0.28-a0-268-g3f656e82c2 (webtiles) character file.

Game seed: 12187595420995976007

53 Malachi the Insei (level 3, -1/29 HPs)
             Began as a Demonspawn Monk on Aug 28, 2021.
             Slain by Crazy Yiuf (18 damage)
             ... on level 2 of the Dungeon.
             The game lasted 00:01:46 (2117 turns).

Malachi the Insei (Demonspawn Monk)                 Turns: 2117, Time: 00:01:47

Health: -1/29      AC:  8    Str: 11    XL:     3   Next: 64%
Magic:  3/3        EV: 11    Int: 12    God:
Gold:   59         SH:  0    Dex: 15    Spells: 2/2 levels left

rFire   . . .      SeeInvis .   d - +0 mace (protect)
rCold   . . .      Faith    .   (no shield)
rNeg    . . .      Spirit   .   c - +3 ring mail
rPois   .          Reflect  .   (helmet restricted)
rElec   .          Harm     .   (no cloak)
rCorr   .          Rampage  .   (no gloves)
Will    .....                   (no boots)
Stlth   +.........              (no amulet)
HPRegen 0.09/turn               (no ring)
MPRegen 0.08/turn               (no ring)

@: no status effects
A: horns 1
a: no special abilities


You were on level 2 of the Dungeon.
You visited 1 branch of the dungeon, and saw 2 of its levels.

You collected 59 gold pieces.

Inventory:

Hand Weapons
 d - a +0 mace of protection (weapon)
 g - a +4 mace
Armour
 c - a +3 ring mail (worn)
Wands
 b - a wand of acid (10)
Scrolls
 e - a scroll of blinking
Potions
 a - a potion of flight {unknown}
 f - a potion of degeneration {unknown}


   Skills:
 + Level 3.4 Fighting
 + Level 0.5 Armour
 + Level 3.0 Dodging
 + Level 1.8 Stealth
 * Level 3.5 Unarmed Combat


You had 2 spell levels left.
You didn't know any spells.
Your spell library was empty.

Dungeon Overview and Level Annotations

Branches:
Dungeon (2/15)

Altars:

Annotations:
D:2 Crazy Yiuf


Innate Abilities, Weirdness & Mutations

You have a pair of small horns on your head.


Message History

You hit the endoplasm.
The endoplasm is severely wounded.
The endoplasm hits you but does no damage.
You hit the endoplasm.
You kill the endoplasm!
No target in view!
Found a mace.
Found two maces.
You see here a +0 mace.
Found a runed mace, five maces and a glowing mace.
Found a runed translucent door.
You see here a +0 mace.
Found a mace.
Crazy Yiuf shouts!
You see here a +0 mace of protection.
You see here a +0 mace.
Found three maces.
You see here a +4 mace.
You see here a +0 mace.
You see here a +0 mace of protection.
d - a +0 mace of protection You see here a +0 mace.
You see here a +4 mace.
You see here a +0 mace.
Crazy Yiuf glowers.
You see here a +0 mace.
You see here a +0 mace.
You see here a +0 mace.
You see here a +0 mace.
You see here a +4 mace.
g - a +4 mace You open the door.
You barely miss Crazy Yiuf. Crazy Yiuf barely misses you.
Unknown command.
Your +0 mace of protection hums with potential!
d - a +0 mace of protection (weapon)
Crazy Yiuf hits you with a +4 quarterstaff of chaos!
You are electrocuted!!
Ouch! That really hurt!
You die...

###.####..##
..# ##....#
##........##
### #....#
...#.######
#....#
####># #
#####
#......
####.#####.#
#).)#
.....###
...........#
#)))# ######
###......###
)))
.......#####
#g#
###........#
♣@♣♣
########.#
♣♣)♣ #.#
♣.♣♣ #.#
♣♣)♣ #.#
♣♣)♣♣ #.#
♣♣..)♣ #.#
♣....♣ #.#
#....#
#.####....#


You could see Crazy Yiuf.

Vanquished Creatures
  An adder (D:2)
  5 orcs (D:2)
  5 bats
  3 endoplasms
  2 giant cockroaches
  2 hobgoblins (D:2)
  2 jackals (D:1)
  A quokka (D:1)
  3 ball pythons
  A frilled lizard (D:2)
  4 goblins (D:1)
  2 kobolds
  4 rats
35 creatures vanquished.

Notes
Turn   | Place    | Note
-------+----------+-------------------------------------------
     0 | D:1      | Malachi the Demonspawn Monk began the quest for the Orb.
     0 | D:1      | Reached XP level 1. HP: 18/18 MP: 1/1
   451 | D:1      | Gained mutation: You have a pair of small horns on your
                  | head. [demonic ancestry]
   451 | D:1      | Reached XP level 2. HP: 10/24 MP: 2/2
  1444 | D:2      | Reached XP level 3. HP: 26/29 MP: 3/3
  2097 | D:2      | Found a runed translucent door.
  2098 | D:2      | Noticed Crazy Yiuf
  2117 | D:2      | Slain by Crazy Yiuf

Illustrated notes

Levels and vault maps discovered:
D:1:      roderic_dead_forest, layout_loops_cross, serial_aquarium,
          aquarium_bridge_island_small [aquarium_subvault_small_water,
          aquarium_subvault_bridge, aquarium_subvault_bridge,
          aquarium_subvault_bridge, aquarium_subvault_window],
          aquarium_window_1, aquarium_window_1, aquarium_view_2f,
          aquarium_pool_2
D:2:      minmay_evil_eye, layout_rooms, chequers_serial_rivers_micro_a,
          uniq_crazy_yiuf_cottage

Skill      XL: |  1  2  3 |
---------------+----------+-----
Unarmed Combat | 3 |  3.5
Dodging        | 3 |  3.0
Fighting       | |  3.4
Armour         | |  0.5
Stealth        | |  1.8

Action                   || total
-------------------------++-------
Melee: Unarmed           ||   108
       Punch             ||     2
       Headbutt          ||    14
  Use: Scroll            ||     2
 Stab: Sleeping          ||     2
Armor: Ring mail         ||    42
Dodge: Dodged            ||    55

Table legend: (Time is in decaauts)
 A = Elapsed time spent in this place.
 B = Non-inter-level travel time spent in this place.
 C = Inter-level travel time spent in this place.
 D = Time resting spent in this place.
 E = Time spent auto-exploring this place.
 F = Levels seen in this place.
 G = Mean time per level.
                   A        B        C        D        E       F      G
               +--------+--------+--------+--------+--------+-----+--------+
         Total |   2111 |   2086 |     25 |    926 |    882 |   2 | 1055.5 |
       Dungeon |   2111 |   2086 |     25 |    926 |    882 |   2 | 1055.5 |
               +--------+--------+--------+--------+--------+-----+--------+

Top non-repeatable levels by time:
     D:1: 1400 daAuts
     D:2: 710 daAuts
